 Dungeon Crawl Stone Soup version 0.29.1-1-gd02db6906a (webtiles) character file.

Game seed: 9572598191663981793

394 vvl the Stinger (level 6, 0/44 HPs)
             Began as a Demonspawn Venom Mage on Oct 3, 2022.
             Slain by Dowan
             ... wielding a +0 dagger
              (5 damage)
             ... on level 4 of the Dungeon.
             The game lasted 00:06:17 (3690 turns).

vvl the Stinger (Demonspawn Venom Mage)             Turns: 3690, Time: 00:06:19

Health: 0/44       AC:  5    Str:  8    XL:     6   Next: 52%
Magic:  5/10       EV: 12    Int: 24    God:
Gold:   212        SH:  0    Dex: 16    Spells: 9/10 levels left

rFire   x . .      SeeInvis .   d - +9 dagger "Giantbane" {speed, rF- Will+ Int+6 Dex+2}
rCold   . . .      Faith    .   (no shield)
rNeg    . . .      Spirit   .   e - +2 leather armour {rPois}
rPois   +          Reflect  .   (helmet restricted)
rElec   .          Harm     .   (no cloak)
rCorr   .          Rampage  .   (no gloves)
Will    +....                   (no boots)
Stlth   ++........              (no amulet)
HPRegen 0.14/turn               (no ring)
MPRegen 0.24/turn               (no ring)

@: no status effects
A: horns 1, magic regeneration
a: no special abilities


You were on level 4 of the Dungeon.
You visited 1 branch of the dungeon, and saw 4 of its levels.

You collected 212 gold pieces.

Inventory:

Hand Weapons
 d - the +9 dagger "Giantbane" (weapon) {speed, rF- Will+ Int+6 Dex+2}
   (You took it off a goblin on level 2 of the Dungeon)

   Attacks with this weapon are significantly faster.
   Int:       It affects your intelligence (+6).
   Dex:       It affects your dexterity (+2).
   rF:        It makes you vulnerable to fire.
   Will:      It increases your willpower.
 g - a +0 war axe
Armour
 e - a +2 leather armour of poison resistance (worn)
Scrolls
 a - 3 scrolls of identify {unknown}
 c - a scroll of immolation {unknown}
 j - a scroll of magic mapping {unknown}
Potions
 b - 3 potions of magic
 f - a potion of brilliance {unknown}
 h - a potion of ambrosia {unknown}
 i - a potion of invisibility {unknown}


   Skills:
 + Level 2.2 Fighting
 + Level 1.8 Armour
 + Level 2.9 Dodging
 - Level 2.0 Stealth
 + Level 2.9 Spellcasting
 + Level 2.2 Transmutations
 * Level 4.7 Poison Magic


You had 9 spell levels left.
You knew the following spells:

 Your Spells              Type           Power      Damage    Failure   Level
a - Sting                 Tmut/Pois      80%        1d7       3%          1

Your spell library contained the following spells:

 Spells                   Type           Power      Damage    Failure   Level
 Poisonous Vapours        Pois/Air       28%        N/A       9%          2
 Olgreb's Toxic Radiance  Pois           26%        N/A       22%         4
 Mephitic Cloud           Conj/Pois/Air  11%        N/A       24%         3
 Gell's Gravitas          Tloc           3%         N/A       43%         3
 Lesser Beckoning         Tloc           3%         N/A       43%         3
 Teleport Other           Tloc           3%         N/A       43%         3


Dungeon Overview and Level Annotations

Branches:
Dungeon (4/15)
 Temple: D:4-7

Altars:

Annotations:
D:4 Dowan


Innate Abilities, Weirdness & Mutations

You have a pair of small horns on your head.
You regenerate magic rapidly.


Message History

Duvessa hits you with a +0 rapier.
* * * LOW HITPOINT WARNING * * *
Dowan hits you with a +0 dagger.
* * * LOW HITPOINT WARNING * * *
Unknown command.
You hit Duvessa.
Duvessa is almost dead.
You kill Duvessa!
Dowan screams, "No!
Oh no!"
Dowan seems to find hidden reserves of power!
Dowan misses you.
Casting: Sting (safe; 3% risk of failure)
Confirm with . or Enter, or press ? or * to list all spells.
Aiming: Sting (safe; 3% risk of failure)
Press: ? - help, Shift-Dir - straight line, f - Dowan
Aim: Dowan, wielding a +0 dagger and wearing a +0 robe (fast, 67% to hit)
The sting hits Dowan.
Dowan is poisoned.
Dowan is moderately wounded.
Dowan hits you with a +0 dagger.
* * * LOW HITPOINT WARNING * * *
Casting: Sting (safe; 3% risk of failure)
Confirm with . or Enter, or press ? or * to list all spells.
Aiming: Sting (safe; 3% risk of failure)
Press: ? - help, Shift-Dir - straight line, f/p - Dowan
Aim: Dowan, wielding a +0 dagger and wearing a +0 robe (moderately wounded, fast, poisoned, 67% to hit)
The sting hits Dowan.
Dowan looks even sicker.
Dowan is moderately wounded.
Dowan hits you with a +0 dagger.
* * * LOW HITPOINT WARNING * * *
Dowan hits you with a +0 dagger.
* * * LOW HITPOINT WARNING * * *
Casting: Sting (safe; 3% risk of failure)
Confirm with . or Enter, or press ? or * to list all spells.
Aiming: Sting (safe; 3% risk of failure)
Press: ? - help, Shift-Dir - straight line, f/p - Dowan
Aim: Dowan, wielding a +0 dagger and wearing a +0 robe (moderately wounded, fast, very poisoned, 67% to hit)
The sting hits Dowan!
Dowan looks even sicker.
Dowan is severely wounded.
Dowan hits you with a +0 dagger.
You die...

##...+ ..... #...##
..... #..## .....
########..# .....
#.........# #+###
#.######>#######
#.#.....#
.######.#.###.#######
............)@e.....#
.######.#.###.#######
#.#.# #.# #...# #†#
...............
#.#.###........ #....
+........ #.#..
#........ .........


You could see Dowan (fast, very poisoned).

Vanquished Creatures
  Sigmund (D:3)
  Duvessa (D:4)
  An orc wizard (D:3)
  2 adders
  A worm (D:4)
  4 dart slugs
  6 orcs
  9 ball pythons
  9 endoplasms
  4 giant cockroaches
  9 goblins
  5 hobgoblins
  3 jackals (D:4)
  A quokka (D:3)
  2 bats (D:3)
  2 frilled lizards
  4 kobolds
  10 rats
74 creatures vanquished.

Vanquished Creatures (others)
  12 demonic plants (D:2)
  5 fungi (D:2)
  2 plants (D:2)
  7 withered plants (D:2)
26 creatures vanquished.

Grand Total: 100 creatures vanquished

Notes
Turn   | Place    | Note
-------+----------+-------------------------------------------
     0 | D:1      | vvl the Demonspawn Venom Mage began the quest for the Orb.
     0 | D:1      | Reached XP level 1. HP: 13/13 MP: 3/3
   224 | D:1      | Reached skill level 1 in Transmutations
   287 | D:1      | Gained mutation: You have a pair of small horns on your
                  | head. [demonic ancestry]
   287 | D:1      | Reached XP level 2. HP: 7/20 MP: 3/5
  1128 | D:1      | Gained mutation: You regenerate magic rapidly. [demonic
                  | ancestry]
  1128 | D:1      | Reached XP level 3. HP: 19/25 MP: 6/6
  1624 | D:2      | Found a faded altar of an unknown god.
  1861 | D:2      | Reached skill level 1 in Fighting
  2352 | D:2      | Identified the +9 dagger "Giantbane" {speed, rF- Will+
                  | Int+6 Dex+2}
  2578 | D:3      | Reached XP level 4. HP: 21/32 MP: 7/7
  2736 | D:3      | Reached skill level 1 in Armour
  3115 | D:3      | Noticed Sigmund
  3126 | D:3      | Killed Sigmund
  3127 | D:3      | Reached skill level 4 in Poison Magic
  3127 | D:3      | Reached XP level 5. HP: 38/38 MP: 1/9
  3233 | D:4      | Reached XP level 6. HP: 44/44 MP: 7/10
  3672 | D:4      | Noticed Duvessa
  3672 | D:4      | Noticed Dowan
  3687 | D:4      | Killed Duvessa
  3690 | D:4      | Slain by Dowan

Illustrated notes

Levels and vault maps discovered:
D:1:      lemuel_arrival_rhombus, layout_loops_ring, minmay_tromino_v4_c
D:2:      layout_loops_corners, shapermc_ecumenical_altar_gd, basic_altar,
          minmay_tripent
D:3:      layout_basic, uniq_sigmund
D:4:      layout_basic, kennysheep_another_room, minmay_misc_feat_more_columns,
          uniq_duvessa

Skill      XL: |  1  2  3  4  5 |
---------------+----------------+-----
Transmutations | 1 2 |  2.2
Dodging        | 2 |  2.9
Fighting       | 1 2 |  2.2
Stealth        | 2 |  2.0
Armour         | 1 |  1.8
Poison Magic   | 4 |  4.7
Spellcasting   | |  2.9

Action                   |  1- 3 |  4- 6 || total
-------------------------+-------+-------++-------
Melee: Unarmed           |    13 |       ||    13
       Hand axe          |    41 |       ||    41
       War axe           |    12 |       ||    12
       Dagger            |     9 |    54 ||    63
       Headbutt          |     3 |     8 ||    11
 Cast: Sting             |    28 |    31 ||    59
 Stab: Sleeping          |     2 |     3 ||     5
Armor: Robe              |     2 |       ||     2
       Leather armour    |    17 |    19 ||    36
Dodge: Dodged            |    54 |    52 ||   106
